 Dungeon Crawl Stone Soup version 0.17-a0-131-ga9cda9c (webtiles) character file.

504 karlm the Magician (level 7, -12/61 HPs)
             Began as a Naga Wizard on Mar 24, 2015.
             Mangled by an ogre
             ... wielding a +0 giant spiked club
              (29 damage)
             ... on level 4 of the Dungeon.
             The game lasted 00:16:02 (3967 turns).

karlm the Magician (Naga Wizard)                    Turns: 3967, Time: 00:16:02

Health: -12/61     AC:  3    Str:  9    XL:     7   Next: 17%
Magic:  12/17      EV: 10    Int: 21    God:
Gold:   126        SH:  0    Dex:  9    Spells: 4 memorised, 7 levels left

rFire  . . .     SeeInvis +     f - +0 spear
rCold  . . .     Clarity  .     a - +0 robe
rNeg   . . .     SustAb   .     (no shield)
rPois  +         Gourm    .     b - +0 hat
rElec  .         Spirit   .     (no cloak)
rCorr  +         Warding  .     (no gloves)
rMut   .         Stasis   .     (no barding)
MR     .....                    x - amulet of resist corrosion
Stlth  ++........               (no ring)
                                s - ring of teleport control

@: very slow, not resistant to hostile enchantments, unstealthy
A: spit poison, see invisible, deformed body, poison resistance, slowness 2, AC
+2
a: Spit Poison, Evoke Teleport Control


You were on level 4 of the Dungeon.
You were not hungry.

You visited 1 branch of the dungeon, and saw 4 of its levels.

You collected 126 gold pieces.

Inventory:

Hand weapons
 f - a +0 spear (weapon)
Missiles
 e - 133 stones (quivered)
 l - 18 sling bullets of frost
 B - 7 poisoned needles
 G - 8 tomahawks
Armour
 a - a +0 robe (worn)
 b - a +0 hat (worn)
 y - a +0 shield
Jewellery
 s - a ring of teleport control (left hand)
 x - an amulet of resist corrosion (around neck)
 E - an uncursed amulet of rage
Magical devices
 o - a wand of hasting (7)
 A - a wand of frost (29)
 K - a wand of draining (2)
Scrolls
 g - a scroll of remove curse {unknown}
 m - 2 scrolls of identify {unknown}
 q - 2 scrolls of magic mapping {unknown}
 t - a scroll of amnesia {unknown}
 u - a scroll of recharging {unknown}
 w - a scroll of immolation {unknown}
 D - a scroll of enchant armour {unknown}
 J - a scroll of enchant weapon {unknown}
Potions
 j - a potion of brilliance {unknown}
 n - 2 potions of might {unknown}
 p - a potion of restore abilities {unknown}
 r - 2 potions of curing {unknown}
 v - a potion of heal wounds {unknown}
 z - a potion of mutation {unknown}
 H - a potion of ambrosia {unknown}
 L - a potion of invisibility
Books
 c - a book of Minor Magic

   Spells                             Type                      Level
   a - Magic Dart                     Conjuration                  1
   b - Blink                          Translocation                2
   c - Call Imp                       Summoning                    2
   d - Repel Missiles                 Charms/Air                   2
   e - Slow                           Hexes                        2
   f - Conjure Flame                  Conjuration/Fire             3
   g - Mephitic Cloud                 Conjuration/Poison/Air       3
Comestibles
 d - 6 bread rations
 h - a beef jerky
 i - 2 fruits
 k - a slice of pizza
 C - a meat ration
 F - 2 chunks of flesh


   Skills:
 + Level 2.3 Fighting
 + Level 2.7 Dodging
 - Level 3.0 Stealth
 + Level 1.0 Shields
 * Level 4.5 Spellcasting
 * Level 3.8 Conjurations
 - Level 1.0 Summonings
 - Level 1.0 Translocations
 * Level 2.3 Fire Magic


You had 7 spell levels left.
You knew the following spells:

 Your Spells              Type           Power        Failure   Level  Hunger
a - Magic Dart            Conj           ###.         2%          1    None
b - Blink                 Tloc           N/A          12%         2    #......
c - Call Imp              Summ           #.......     12%         2    #......
d - Conjure Flame         Conj/Fire      ###.....     12%         3    ##.....


Dungeon Overview and Level Annotations

Branches:
Dungeon (4/15)
 Temple: D:4-7

Altars:
Qazlal
Trog
Zin
The Shining One

Annotations:
D:2 Sigmund


Innate Abilities, Weirdness & Mutations

You cannot wear boots.
You can spit poison.
Your serpentine skin is tough (AC +2).
You have supernaturally acute eyesight.
Armour fits poorly on your strangely shaped body.
Your system is resistant to poisons.
You cover ground very slowly.


Message History

The ogre is severely wounded.
The ogre hits you with a giant spiked club.
Use which ability? (? or * to list)
Press: ? - help, Shift-Dir - straight line, f/p - ogre
Aim: an ogre, wielding a giant spiked club (severely wounded)
The splash of poison hits the ogre.
The ogre is poisoned.
The ogre is almost dead.
You feel slightly more hungry.
Casting: Magic Dart
Confirm with . or Enter, or press ? or * to list all spells.
Aiming: Magic Dart
Press: ? - help, Shift-Dir - straight line, f/p - ogre
Aim: an ogre, wielding a giant spiked club (almost dead, poisoned)
The magic dart hits the ogre.
The ogre is almost dead.
The ogre hits you with a giant spiked club!
* * * LOW HITPOINT WARNING * * *
You have got your breath back.
The ogre hits you with a giant spiked club!!
You die...

............#.#<.........
........................
........................
..................######
#.#..###.#.##.##.##
#.#......#.##.##.#
#.#..###...##.##.####
....................#
.....###......##@####
..#..###......##O#
.......#......##o#
..#..#.#......##)#
..#..#.#.......#.###
.......#...8.8.....#
.##.#..#.8.....8...#
<..................#
..#.#.##..##'##....#


You could see an ogre and an orc.

Vanquished Creatures
  The ghost of Emanloe the Shield-Bearer, an average GrFi (D:3)
  A scorpion (D:4)
  2 hounds (D:4)
  2 worker ants (D:4)
  Ijyb (D:2)
  A hound skeleton (D:4)
  9 adders
  4 river rats (D:3)
  A giant mite (D:3)
  4 worms (D:3)
  An adder skeleton (D:4)
  4 orcs
  2 ball pythons
  10 bats
  3 giant cockroaches
  6 goblins
  7 hobgoblins
  5 jackals
  6 kobolds
  6 quokkas
  3 giant newts
  13 rats
  A plant (D:3)
93 creatures vanquished.

Notes
Turn   | Place    | Note
--------------------------------------------------------------
     0 | D:1      | karlm, the Naga Wizard, began the quest for the Orb.
     0 | D:1      | Reached XP level 1. HP: 15/15 MP: 4/4
   167 | D:1      | Reached XP level 2. HP: 22/22 MP: 1/6
   173 | D:1      | Learned a level 2 spell: Blink
   176 | D:1      | Learned a level 2 spell: Call Imp
   885 | D:2      | Noticed Sigmund
   954 | D:2      | Reached XP level 3. HP: 21/30 MP: 1/8
  1201 | D:2      | Reached skill level 1 in Fighting
  1238 | D:2      | Reached XP level 4. HP: 38/38 MP: 8/10
  1353 | D:2      | You fall through a shaft!
  1388 | D:3      | Noticed Emanloe's ghost (average GrFi)
  1956 | D:2      | Learned a level 3 spell: Conjure Flame
  1981 | D:2      | Found a glowing golden altar of the Shining One.
  2051 | D:2      | Found a stormy altar of Qazlal.
  2051 | D:2      | Noticed Ijyb
  2071 | D:2      | Killed Ijyb
  2147 | D:2      | Reached XP level 5. HP: 30/44 MP: 10/12
  2319 | D:3      | Found a bloodstained altar of Trog.
  2804 | D:3      | Reached skill level 1 in Fire Magic
  2887 | D:3      | Killed Emanloe's ghost
  2887 | D:3      | Reached skill level 4 in Spellcasting
  2887 | D:3      | Reached XP level 6. HP: 28/52 MP: 3/15
  3601 | D:4      | Reached skill level 1 in Shields
  3632 | D:4      | Reached XP level 7. HP: 33/60 MP: 0/17
  3945 | D:4      | Found a glowing silver altar of Zin.
  3967 | D:4      | Mangled by an ogre

Action                   |  1- 3 |  4- 6 |  7- 9 || total
-------------------------+-------+-------+-------++-------
Melee: Unarmed           |     1 |       |       ||     1
       Spear             |     8 |    22 |     5 ||    35
       Dagger            |     1 |       |       ||     1
 Cast: Magic Dart        |    50 |   181 |    30 ||   261
       Conjure Flame     |       |     3 |     2 ||     5
 Abil: Spit Poison       |    11 |    25 |     8 ||    44
  Eat: Chunk             |     1 |     9 |     2 ||    12
